 Dungeon Crawl Stone Soup version 0.30-b1-5-g8e6c1be481 (webtiles) character file.

Game seed: 4592292190118539195

5336 ChrisAssaf the Thaumaturge (level 10, -3/67 HPs)
             Began as a Djinni Fire Elementalist on May 3, 2023.
             Was a Believer of Makhleb.
             Engulfed by a fire crab's flame (6 damage)
             ... in a Gauntlet on May 4, 2023.
             The game lasted 00:35:31 (9681 turns).

ChrisAssaf the Thaumaturge (DjFE)                   Turns: 9681, Time: 00:35:31

Health: -3/67      AC:  5    Str:  9    XL:     10   Next: 96%
Gold:   412        EV: 14    Int: 18    God:    Makhleb [**....] SH:  4 Dex: 15

rFire   + + .        b - +5 dagger (venom)
rCold   . . .        (no shield)
rNeg    . . .        a - +1 robe
rPois   ∞            y - +0 mask of the Dragon {Will+ Slay+3 SInv}
rElec   .            (no cloak)
rCorr   +            (no gloves)
SInv    +            (boots unavailable)
Will    ++...        i - amulet of regeneration
Stlth   +++          C - ring of protection from cold
HPRegen 1.11/turn    s - ring of Naloucku {rCorr MP+9}
MPRegen 0.00/turn

%: no teleportation, infuse magic (-4 HP)
@: flying
A: sickness immunity, fire resistance 2, cold vulnerability 1, float, innate
caster, HP casting, extra vitality 1, iridescent scales 1, large bone plates 1
a: Renounce Religion, Minor Destruction


You were in a Gauntlet.
You worshipped Makhleb.
Makhleb was pleased with you.
You visited 3 branches of the dungeon, and saw 10 of its levels.
You also visited: Gauntlet.

You collected 412 gold pieces.

Inventory:

Hand Weapons
 b - a +5 dagger of venom (weapon)
Missiles
 d - 3 atropa-tipped darts
 g - 4 javelins
 k - 2 throwing nets
Armour
 a - a +1 robe (worn)
 c - a +2 hat
 y - the +0 mask of the Dragon (worn) {Will+ Slay+3 SInv}
   (You acquired it on level 8 of the Dungeon)

   Slay:      It affects your accuracy & damage with ranged weapons and melee
   (+3).
   SInv:      It lets you see invisible.
   Will:      It increases your willpower.
Jewellery
 i - an amulet of regeneration (around neck)
 s - the ring of Naloucku (right hand) {rCorr MP+9}
   (You found it in a Gauntlet)

   [ring of resist corrosion]

   MP:        It affects your magic capacity (+9).
   rCorr:     It protects you from acid and corrosion.
 C - a ring of protection from cold (left hand)
Wands
 j - a wand of mindburst (2)
 z - a wand of polymorph (13)
Scrolls
 h - 3 scrolls of teleportation
 l - a scroll of fog
 n - a scroll of noise {unknown}
 o - 3 scrolls of immolation
 q - a scroll of torment
 u - a scroll of vulnerability
 x - a scroll of silence
 A - a scroll of poison
 E - a scroll of identify
Potions
 e - 2 potions of attraction
 f - a potion of cancellation
 m - a potion of might
 p - 2 potions of flight
 r - a potion of degeneration {unknown}
 t - a potion of invisibility
 w - a potion of haste
 D - a potion of berserk rage {unknown}


   Skills:
 * Level 3.3 Fighting
 * Level 2.8 Short Blades
 * Level 3.1 Throwing
 * Level 3.0 Armour
 * Level 5.4 Dodging
 * Level 4.2 Stealth
 + Level 1.1 Shields
 * Level 9.0 Spellcasting
 * Level 3.0 Invocations
 * Level 3.1 Evocations


You knew the following spells:

 Your Spells              Type           Power      Damage    Failure   Level
a - Foxfire               Conj/Fire      100%       2x1d9     1%          1
b - Scorch                Fire           80%        2d8       1%          2
c - Volatile Blastmotes   Fire/Tloc      80%        2d16      1%          3
d - Inner Flame           Hex/Fire       40%        N/A       1%          3
e - Flame Wave            Conj/Fire      40%        2d11      2%          4
f - Sandblast             Erth           80%        2d17      1%          1
g - Lesser Beckoning      Tloc           80%        N/A       1%          2
h - Summon Guardian Gole  Hex/Summ       40%        N/A       1%          3
i - Tukima's Dance        Hex            40%        N/A       1%          3
Your spell library was empty.

Dungeon Overview and Level Annotations

Branches:
Dungeon (8/15)             Temple (1/1) D:4            Lair (1/5) D:8
Gauntlet (1/1)

Altars:
Ashenzari
Dithmenos
Elyvilon
Gozag
Hepliaklqana
Makhleb
Nemelex Xobeh
Okawaru
Qazlal
Ru
Trog
Uskayaw
Wu Jian
Xom
Yredelemnul
Zin
The Shining One

Shops:
D:2 [   D:4 [

Annotations:
Gauntlet 9 transporters, 1 runed translucent door


Innate Abilities, Weirdness & Mutations

You are immune to sickness and miasma.
You are immune to poison.
Your flesh is very heat resistant. (rF++)
You are vulnerable to cold. (rC-)
You float through the air rather than walking.
You learn spells naturally, not from books.
Your magical power is your life essence.
You have superior vitality. (+4 MHP)
You are partially covered in iridescent scales. (AC +2)
You are partially covered in large bone plates. (SH +4)


Message History

You are engulfed in blazing flames.
You resist.
* * * LOW HITPOINT WARNING * * *
You block the fire bat's attack.
The fire bat bites you but does no damage.
Your guardian golem is engulfed in blazing flames.
Flame seeps out of your guardian golem. The fire bat bites your guardian golem.
Flame seeps out of your guardian golem.
Your guardian golem is engulfed in flames.
Your guardian golem resists.
Flame seeps out of your guardian golem. The fire bat closely misses you.
You see here a staff of conjuration.
The fire bat barely misses you.
Your guardian golem is engulfed in blazing flames.
Flame seeps out of your guardian golem. You block the fire crab's attack.
The fire crab claws you but does no damage.
Unknown command.
The fire bat bites you but does no damage.
The fire bat barely misses you. The hell hound breathes flames at you.
The blast of flame hits you. You resist.
* * * LOW HITPOINT WARNING * * *
The fire crab breathes flames at you.
The blast of flame engulfs you but does no damage.
You resist. The fire bat bites you.
* * * LOW HITPOINT WARNING * * *
You are engulfed in flames.
You resist.
* * * LOW HITPOINT WARNING * * *
You hit the fire bat. Your punch misses the fire bat.
The fire bat is moderately wounded.
You are engulfed in blazing flames.
You resist.
* * * LOW HITPOINT WARNING * * *
The fire bat closely misses you. The fire bat barely misses you.
The fire bat bites you.
* * * LOW HITPOINT WARNING * * *
You are engulfed in flames.
You resist.
* * * LOW HITPOINT WARNING * * *
You barely miss the fire bat.
The fire bat is moderately wounded.
You are engulfed in blazing flames.
You resist.
You die...

...... .©...# .8..#
###############
...####§#≈#≈#≈#≈#≈#≈##
####≈#...............##
............8......8.§#
.....8...............##
.......###########...≈#
####...#...=©°hb@#...##
...#...#......t°b#...≈#
.#+#...#..#..°#b°#...##
.#.#...#......9°.#...≈#
##.#.8.#....©....#.8.##
...#...#..P......#...≈#
.###...#..#...#..#...##
..©#...#.P.......#...≈#
####...#.........#.§.##


You could see a fire crab, a hell hound, 3 fire bats and a friendly guardian
golem (summoned, inner flame).

Vanquished Creatures
  A death drake (Gauntlet)
  Pikel (D:5)
  A centaur zombie (Gauntlet)
  2 spectral centaurs (Gauntlet)
  A steam dragon (D:7)
  A sky beast (D:7)
  2 orc warriors
  3 ice beasts
  2 black bears
  2 ogres
  4 centaurs
  A lemure (D:5)
  3 phantoms
  5 bullfrogs
  A gnoll sergeant (D:5)
  4 scorpions (D:8)
  4 wights (D:6)
  3 jellies
  3 hounds
  3 orc priests
  5 sleepcaps
  6 iguanas
  4 orc wizards
  Robin (D:2)
  5 gnolls
  8 adders
  2 shadow imps
  A white imp (D:7)
  3 dart slugs
  2 worms
  24 orcs
  9 endoplasms
  3 giant cockroaches
  12 jackals
  2 kobolds
  6 quokkas
  6 ball pythons
  6 bats
  3 frilled lizards (D:1)
  12 goblins
  8 rats
175 creatures vanquished.

Vanquished Creatures (others)
  13 demonic plants (Gauntlet)
  46 foxfires
  17 fungi
  25 plants
101 creatures vanquished.

Grand Total: 276 creatures vanquished

Notes
Turn   | Place    | Note
-------+----------+-------------------------------------------
     0 | D:1      | ChrisAssaf the Djinni Fire Elementalist began the quest for
                  | the Orb.
     0 | D:1      | ChrisAssaf set off with the following spells memorised:
                  | Foxfire, Scorch, Volatile Blastmotes, Inner Flame, Flame
                  | Wave.
     0 | D:1      | Reached XP level 1. HP: 15/15 MP: 0/0
   145 | D:1      | Reached XP level 2. HP: 18/21 MP: 0/0
   410 | D:3      | Reached skill level 3 in Spellcasting
   410 | D:3      | Reached XP level 3. HP: 17/25 MP: 0/0
   410 | D:3      | Learned a level 1 spell: Sandblast
   656 | D:4      | Reached XP level 4. HP: 13/31 MP: 0/0
   879 | D:4      | Reached skill level 4 in Spellcasting
   879 | D:4      | Reached XP level 5. HP: 19/35 MP: 0/0
   879 | D:4      | Learned a level 2 spell: Lesser Beckoning
   961 | D:4      | Found Hofi's Armour Shoppe.
   978 | D:4      | Noticed an ogre
   986 | D:4      | Killed an ogre
   987 | D:4      | Reached XP level 6. HP: 34/40 MP: 0/0
  1029 | D:4      | Found a sparkling altar of Nemelex Xobeh.
  1614 | D:4      | Found a staircase to the Ecumenical Temple.
  1625 | Temple   | Entered the Ecumenical Temple
  1684 | Temple   | Became a worshipper of Makhleb the Destroyer
  2597 | D:3      | Found a broken altar of Ashenzari.
  3269 | D:2      | Noticed Robin
  3288 | D:2      | HP: 2/40 [goblin/+0 club[Robin] (4)]
  3295 | D:2      | Killed Robin
  3327 | D:2      | Reached skill level 5 in Spellcasting
  3512 | D:2      | Found Nimu Ixa's Armour Shoppe.
  3925 | D:1      | Found a faded altar of an unknown god.
  4102 | D:1      | Reached * piety under Makhleb
  4781 | D:5      | Entered Level 5 of the Dungeon
  4784 | D:5      | Identified the +7 shadow dragon scales of Eternal Night
                  | {rPois Stlth++++}
  4810 | D:5      | Reached XP level 7. HP: 26/45 MP: 0/0
  4810 | D:5      | Learned a level 3 spell: Summon Guardian Golem
  5167 | D:5      | Gained mutation: You are partially covered in large bone
                  | plates. (SH +4) [potion of mutation]
  5167 | D:5      | Gained mutation: You are partially covered in iridescent
                  | scales. (AC +2) [potion of mutation]
  5176 | D:5      | Reached skill level 6 in Spellcasting
  5428 | D:5      | Noticed Pikel
  5442 | D:5      | Killed Pikel
  5443 | D:5      | Reached skill level 1 in Fighting
  5443 | D:5      | Reached skill level 1 in Short Blades
  5443 | D:5      | Reached skill level 1 in Armour
  5443 | D:5      | Reached skill level 1 in Invocations
  5443 | D:5      | Reached XP level 8. HP: 29/52 MP: 0/0
  5875 | D:5      | Reached skill level 1 in Throwing
  6044 | D:5      | Reached skill level 7 in Spellcasting
  6044 | D:5      | Reached skill level 1 in Evocations
  6044 | D:5      | Reached XP level 9. HP: 31/57 MP: 0/0
  6044 | D:5      | Learned a level 3 spell: Tukima's Dance
  6195 | D:6      | Found an iron altar of Okawaru.
  7689 | D:7      | Reached ** piety under Makhleb
  7793 | D:7      | Reached XP level 10. HP: 11/65 MP: 0/0
  8074 | D:8      | Reached skill level 8 in Spellcasting
  8323 | D:8      | Identified a scroll of acquirement
  8324 | D:8      | Acquired the +0 mask of the Dragon {Will+ Slay+3 SInv}
  8324 | D:8      | Found the +0 mask of the Dragon {Will+ Slay+3 SInv}
  8364 | D:8      | Found a large runed translucent door.
  8368 | D:8      | Found a large runed translucent door.
  8466 | D:8      | Found a hazy altar of Hepliaklqana.
  8831 | D:8      | Found a staircase to the Lair.
  9115 | D:8      | Found a glowing silver altar of Zin.
  9263 | Lair:1   | Entered Level 1 of the Lair of Beasts
  9330 | Lair:1   | Found a gate leading to a gauntlet.
  9339 | Gauntlet | Entered a Gauntlet
  9339 | Gauntlet | Found a transporter.
  9342 | Gauntlet | Noticed a sixfirhy
  9347 | Gauntlet | Noticed a spectral centaur warrior
  9349 | Gauntlet | Found a transporter.
  9350 | Gauntlet | Noticed a sixfirhy
  9350 | Gauntlet | Noticed a sixfirhy
  9350 | Gauntlet | Noticed a death drake
  9351 | Gauntlet | Found a transporter.
  9355 | Gauntlet | Noticed a spectral centaur warrior
  9357 | Gauntlet | Found a transporter.
  9392 | Gauntlet | Noticed a fire crab
  9402 | Gauntlet | Found a transporter.
  9420 | Gauntlet | Found a runed translucent door.
  9425 | Gauntlet | Found a transporter.
  9434 | Gauntlet | Noticed a wretched star
  9439 | Gauntlet | Found a transporter.
  9443 | Gauntlet | Found a transporter.
  9449 | Gauntlet | Found a transporter.
  9449 | Gauntlet | Found a transporter.
  9455 | Gauntlet | Found a transporter.
  9459 | Gauntlet | Noticed a large abomination
  9488 | Gauntlet | Found a transporter.
  9563 | Gauntlet | Identified the ring of Naloucku {rCorr MP+9}
  9589 | Gauntlet | Killed a death drake
  9590 | Gauntlet | Reached skill level 5 in Dodging
  9590 | Gauntlet | Reached skill level 1 in Shields
  9595 | Gauntlet | Killed a spectral centaur warrior
  9601 | Gauntlet | Killed a spectral centaur warrior
  9602 | Gauntlet | Reached skill level 9 in Spellcasting
  9680 | Gauntlet | HP: 3/67 [fire bat (2)]
  9681 | Gauntlet | Engulfed by a fire crab's flame

Illustrated notes

Levels and vault maps discovered:
D:1:      dpeg_arrival_solitude, layout_loops_ring,
          shapermc_ecumenical_altar_starsandcircs
D:2:      layout_basic, serial_shops, nicolae_shop_tiny_statue_garden,
          uniq_robin
D:3:      layout_basic, mainiacjoe_overflow_six_doors_small,
          minmay_misc_feat_rugged, minmay_misc_feat_more_columns,
          minmay_misc_feat_tower, chequers_serial_rivers_micro_c
D:4:      layout_basic, nemelex_altar_shiori,
          minmay_temple_entry_statues_pillars, serial_shops, shop,
          minmay_surrounded
D:5:      layout_cave_pools, kennysheep_generic_room_6, uniq_pikel
D:6:      layout_layer_cave, old_standard_altar
D:7:      layout_cave_pools, corexii_hall_statues_x, hangedman_decor_riveting
D:8:      layout_loops_corners, jmf_multi_god_temple2, marbit_many_paths,
          grunt_lair_entry_orc_guard_hut, grunt_decor_one_mirror
Temple:   zaba_magenta_temple
Lair:1:   layout_regular_city, gauntlet_entry_generic, uniq_maggie
Gauntlet: minmay_gauntlet_mixed_oops_all_seconds
          [minmay_gauntlet_arena_77_broken_ladder,
          gammafunk_gauntlet_arena_arrow_garden,
          minmay_gauntlet_arena_77_radiant_squares,
          gammafunk_gauntlet_arena_corners, minmay_gauntlet_arena_77_path,
          gammafunk_gauntlet_arena_hedges, gauntlet_exit_watery]

Skill      XL: |  1  2  3  4  5  6  7  8  9 10 |
---------------+-------------------------------+-----
Spellcasting   | 3 4 5 6 7 9 |  9.0
Stealth        | 2 3 4 |  4.2
Dodging        | 3 4 5 |  5.4
Fighting       | 1 2 3 |  3.3
Short Blades   | 1 2 |  2.8
Armour         | 1 2 3 |  3.0
Invocations    | 1 2 3 |  3.0
Throwing       | 1 2 3 |  3.1
Evocations     | 1 2 3 |  3.1
Shields        | 1 |  1.1

Action                     |  1- 3 |  4- 6 |  7- 9 | 10-12 || total
---------------------------+-------+-------+-------+-------++-------
  Melee: Unarmed           |       |     4 |     2 |       ||     6
         Dagger            |       |       |    30 |    34 ||    64
         Punch             |       |       |       |     1 ||     1
   Cast: Foxfire           |     7 |    10 |     8 |       ||    25
         Scorch            |    26 |    61 |    64 |    29 ||   180
         Volatile Blastmot |     3 |    12 |    11 |     6 ||    32
         Inner Flame       |       |     3 |     6 |     8 ||    17
         Summon Guardian G |       |       |       |     1 ||     1
  Evoke: Wand              |       |       |    10 |       ||    10
    Use: Scroll            |     2 |     8 |     7 |     9 ||    26
         Potion            |       |     7 |     6 |     2 ||    15
   Stab: Sleeping          |       |       |       |     1 ||     1
 Armour: Robe              |     6 |    15 |    37 |    40 ||    98
  Dodge: Dodged            |    12 |    36 |   106 |    78 ||   232
  Block: Other             |       |       |    18 |    23 ||    41
